 Dungeon Crawl Stone Soup version 0.26-a0-154-g3d63440f56 (webtiles) character file.

Game seed: 11153337342662727636

4 Flugslaktarn the Chiller (level 1, 0/9 HPs)
             Began as a Vine Stalker Ice Elementalist on July 1, 2020.
             Slain by a rat (1 damage)
             ... on level 1 of the Dungeon.
             The game lasted 00:00:25 (71 turns).

Flugslaktarn the Chiller (VSIE)                       Turns: 71, Time: 00:00:25

Health: 0/9        AC:  2    Str: 10    XL:     1   Next: 70%
Magic:  0/4        EV: 12    Int: 15    God:
Gold:   0          SH:  0    Dex: 14    Spells: 3/4 levels left

rFire    . . .     SeeInvis .   (no weapon)
rCold    . . .     Faith    .   (no shield)
rNeg     . . .     Spirit   +   a - +0 robe
rPois    .         Reflect  .   (no helmet)
rElec    .         Harm     .   (no cloak)
rCorr    .                      (no gloves)
MR       .....                  (no boots)
Stlth    ++........             (no amulet)
HPRegen  0.03/turn              (no ring)
MPRegen  0.09/turn              (no ring)

@: no status effects
A: fangs 2, magic shield, antimagic bite, no potion heal 3, rot immunity
a: no special abilities


You were on level 1 of the Dungeon.
You were not hungry.

You visited 1 branch of the dungeon, and saw 1 of its levels.

Inventory:

Missiles
 d - 22 bolts
 e - 21 arrows
Armour
 a - a +0 robe (worn)
Scrolls
 b - a scroll of amnesia {unknown}
Comestibles
 c - a ration


   Skills:
 - Level 1.5 Dodging
 - Level 2.4 Stealth
 + Level 2.4 Spellcasting
 + Level 4.1 Ice Magic


You had 3 spell levels left.
You knew the following spells:

 Your Spells              Type           Power        Failure   Level  Hunger
a - Freeze                Ice            ##..         4%          1    #......

Your spell library contained the following spells:

 Spells                   Type           Power        Failure   Level  Hunger
 Frozen Ramparts          Ice            ##....       12%         3    ###....
 Ozocubu's Armour         Chrm/Ice       #.......     26%         3    ###....
 Hailstorm                Conj/Ice       #.......     65%         4    #####..
 Summon Ice Beast         Ice/Summ       #.......     65%         4    #####..


Dungeon Overview and Level Annotations

Branches:
Dungeon (1/15)

Altars:


Innate Abilities, Weirdness & Mutations

You have extremely sharp teeth.
When hurt, damage is shared between your health and your magic reserves.
Your bite disrupts and absorbs the magic of your enemies.
Potions cannot restore your health.
You are immune to rotting.


Message History

A bat and a hobgoblin come into view.
Found an inky potion.
A rat comes into view.
Found 15 gold pieces.
The bat hits you but does no damage.
Found a stone staircase leading down.
The bat hits you but does no damage.
Casting: Freeze (safe; 4% risk of failure)
Confirm with . or Enter, or press ? or * to list all spells.
Aiming: Freeze (safe; 4% risk of failure)
Press: ? - help, Shift-Dir - straight line, f - dart slug
Aim: a dart slug You freeze the dart slug.
The dart slug is severely wounded.
The bat hits you. The dart slug barely misses you.
Casting: Freeze (safe; 4% risk of failure)
Confirm with . or Enter, or press ? or * to list all spells.
Aiming: Freeze (safe; 4% risk of failure)
Press: ? - help, Shift-Dir - straight line, f/p - dart slug
Aim: a dart slug (severely wounded)
You freeze the dart slug.
The dart slug is almost dead.
The bat hits you. The bat hits you but does no damage.
The dart slug launches a dart at you. The slug dart hits you.
* * * LOW HITPOINT WARNING * * *
Unknown command.
Casting: Freeze (safe; 4% risk of failure)
Confirm with . or Enter, or press ? or * to list all spells.
Aiming: Freeze (safe; 4% risk of failure)
Press: ? - help, Shift-Dir - straight line, f/p - dart slug
Aim: a dart slug (almost dead)
You freeze the dart slug!
You kill the dart slug!
The bat hits you but does no damage. The bat hits you.
* * * LOW HITPOINT WARNING * * *
The hobgoblin hits you but does no damage.
Casting: Freeze (safe; 4% risk of failure)
Confirm with . or Enter, or press ? or * to list all spells.
Aiming: Freeze (safe; 4% risk of failure)
Press: ? - help, Shift-Dir - straight line, f - bat
Aim: a bat You freeze the bat.
You kill the bat!
The rat bites you.
* * * LOW HITPOINT WARNING * * *
The hobgoblin misses you.
You see here a bat corpse.
The rat bites you.
You die...

#..........#
###..........#
............#
#..........#
#......"...#
#..).......#
#..........#
#####..........#
#.....@...######
#.....r...#
#....g...##
#$.......#
#.!......#
..........#
##........#
#.........
#>........#


You could see a hobgoblin and a rat.

Vanquished Creatures
  A dart slug (D:1)
  2 bats (D:1)
3 creatures vanquished.

Notes
Turn   | Place    | Note
-------+----------+-------------------------------------------
     0 | D:1      | Flugslaktarn the Vine Stalker Ice Elementalist began the
                  | quest for the Orb.
     0 | D:1      | Reached XP level 1. HP: 9/9 MP: 4/4
     2 | D:1      | Noticed a vampire
     2 | D:1      | Noticed a spriggan
     4 | D:1      | Noticed a gargoyle
     4 | D:1      | Noticed a halfling
     6 | D:1      | Noticed a dwarf
     6 | D:1      | Noticed a formicid
     8 | D:1      | Noticed a centaur
    11 | D:1      | Noticed an elf
    11 | D:1      | Noticed a ghoul
    13 | D:1      | Noticed a draconian
    13 | D:1      | Noticed an octopode
    15 | D:1      | Noticed a tengu
    15 | D:1      | Noticed a demigod
    17 | D:1      | Noticed a demonspawn
    19 | D:1      | Noticed a felid
    21 | D:1      | Noticed a human
    21 | D:1      | Noticed a merfolk
    23 | D:1      | Noticed a minotaur
    25 | D:1      | Noticed a vine stalker
    25 | D:1      | Noticed a troll
    27 | D:1      | Noticed an ogre
    27 | D:1      | Noticed a naga
    71 | D:1      | Slain by a rat

Illustrated notes

Levels and vault maps discovered:
D:1:      kb_arrival_jail, layout_rooms, due_unseen_surprise

Action                   || total
-------------------------++-------
 Cast: Freeze            ||     5
Armor: Robe              ||     7
Dodge: Dodged            ||     6

Table legend:
 A = Non-vault XP
 B = Vault XP
 C = Vault XP percentage of total XP
 D = Non-vault monster count
 E = Vault monster count
 F = Vault count percentage of total count
                 A         B        C        D         E       F
            +---------+---------+-------+---------+---------+-------
      Total |       7 |       0 |   0.0 |       3 |       0 |   0.0
            +---------+---------+-------+---------+---------+-------
        D:1 |       7 |       0 |   0.0 |       3 |       0 |   0.0
            +---------+---------+-------+---------+---------+-------
